AoeStats
← ignacio.dropp

Black Forest

510439509Analyzed
4v4 RM · 2d ago on Oct 1, 2026· 52m 9s· 8 players
Game mode
Random Map
Map size
Large (8 player)
Population
200
Speed
Normal
Resources
Standard
Victory
Conquest
Starting age
Dark Age
Ending age
Imperial Age
RankedLock teamsTeams togetherTeam positionsShared explorationLock speedFull tech treeHidden civsTurbo modeCheats
Victory
Defeat
🇦🇷 Saracens · Argentina
1070
+14
🇨🇦 Romans · Canada
1057
+14
🇵🇱 Mongols · Poland
1054
+14
🇨🇳 Bohemians · China
1032
+15
🇨🇱 Mapuche · Chile
1079
-16
🇨🇱 Byzantines · Chile
1054
-15
🇨🇱 Saracens · Chile
1000
-14
🇨🇱 Varangians · Chile
946
-12
alfredoruninm
11:20 Feudal Age
15:23 Castle Age
13:32 Double-Bit Axe
14:10 Horse Collar
17:00 Loom
18:56 Forging
18:47 Loom
21:26 Iron Casting
29:21 Wheelbarrow
29:19 Elite Skirmisher
29:52 Fletching
30:02 Padded Archer Armor
31:53 Hand Cart
36:11 Imperial Age
34:59 Bodkin Arrow
35:20 Leather Archer Armor
35:33 Bow Saw
35:24 Heavy Plow
35:15 Gold Mining
35:16 Stone Mining
36:41 Malon
37:36 Ballistics
38:23 Chemistry
39:54 Ring Archer Armor
39:48 Conscription
40:03 Elite Bolas Rider
40:53 Butalmapu
41:06 Town Watch
40:50 Elite Bolas Rider
42:13 Town Patrol
44:48 Crop Rotation
47:38 Blast Furnace
47:31 Pikeman
48:15 Scale Mail Armor
Autopawn
2:21 Loom
11:36 Feudal Age
16:34 Double-Bit Axe
23:35 Castle Age
22:25 Fletching
24:53 Bodkin Arrow
27:43 Wheelbarrow
28:07 Bow Saw
31:18 Imperial Age
29:57 Stone Mining
31:45 Scale Barding Armor
31:48 Horse Collar
32:59 Crossbowman
36:50 Husbandry
40:39 Chemistry
45:14 Heavy Plow
48:02 Ballistics
51:49 Caravan
gabrieloresp
12:48 Feudal Age
16:58 Castle Age
16:09 Double-Bit Axe
17:20 Loom
23:08 Forging
29:30 Horse Collar
33:26 Imperial Age
31:48 Heavy Plow
32:25 Wheelbarrow
32:34 Bow Saw
34:50 Elite Mameluke
36:19 Iron Casting
35:49 Scale Barding Armor
36:03 Stone Mining
36:48 Conscription
36:34 Gold Mining
38:14 Hand Cart
38:22 Siege Engineers
39:18 Chemistry
39:22 Town Watch
39:58 Masonry
ignacio.dropp
4:17 Loom
13:10 Feudal Age
13:38 Horse Collar
13:46 Double-Bit Axe
19:47 Wheelbarrow
19:28 Gold Mining
19:33 Stone Mining
21:55 Castle Age
21:58 Scale Barding Armor
23:46 Heavy Plow
24:51 Chain Barding Armor
25:06 Hand Cart
29:12 Gambesons
29:28 Squires
29:15 Arson
33:47 Imperial Age
31:37 Husbandry
35:48 Bloodlines
34:59 Light Cavalry
36:12 Hussar
37:09 Elite Varangian Guard
39:52 Crop Rotation
39:19 Vendel Legacy
39:32 Gothikon
41:27 Bow Saw
43:09 Plate Barding Armor
42:35 Scale Mail Armor
42:46 Forging
Method0fMadness
0:51 Loom
9:30 Feudal Age
9:41 Man-at-Arms
20:35 Castle Age
18:32 Double-Bit Axe
18:50 Horse Collar
19:58 Gold Mining
19:58 Stone Mining
25:49 Wheelbarrow
30:08 Heavy Plow
30:26 Bow Saw
35:02 Imperial Age
32:07 Pikeman
34:31 Ballistas
35:09 Heavy Scorpion
36:53 Chemistry
35:55 Capped Ram
37:04 Ballistics
38:23 Halberdier
39:03 Squires
39:07 Scale Mail Armor
39:18 Forging
39:29 Long Swordsman
40:45 Crop Rotation
40:33 Hand Cart
40:40 Chain Mail Armor
41:40 Legionary
46:48 Iron Casting
50:00 Blast Furnace
odoaker2
0:38 Loom
11:24 Feudal Age
11:52 Double-Bit Axe
16:31 Castle Age
14:32 Stone Mining
15:17 Horse Collar
16:32 Gold Mining
17:36 Bow Saw
37:54 Gold Shaft Mining
37:57 Stone Shaft Mining
37:40 Heavy Plow
40:15 Town Watch
40:51 Masonry
40:52 Fortified Wall
41:21 Fletching
41:32 Padded Archer Armor
44:20 Imperial Age
42:29 Ballistics
42:06 Murder Holes
43:11 Bodkin Arrow
43:32 Leather Archer Armor
44:13 Forging
44:08 Scale Barding Armor
43:58 Pikeman
44:43 Husbandry
44:54 Bloodlines
44:04 Light Cavalry
46:14 Wheelbarrow
46:40 Iron Casting
45:32 Elite Mangudai
46:48 Hoardings
46:51 Bracer
46:59 Thumb Ring
47:20 Parthian Tactics
48:31 Chemistry
48:41 Conscription
47:56 Hussar
48:55 Onager
50:20 Drill
50:24 Chain Barding Armor
51:04 Blast Furnace
51:24 Siege Onager
LadenStone72050
0:40 Loom
12:05 Feudal Age
14:59 Fishing Lines
15:48 Double-Bit Axe
21:06 Castle Age
19:25 Gold Mining
19:32 Stone Mining
22:31 Wheelbarrow
22:42 Fervor
25:10 Forging
25:06 Scale Barding Armor
26:56 Gold Shaft Mining
26:14 Gillnets
28:27 Iron Casting
30:08 Hand Cart
32:01 Chain Barding Armor
38:06 Imperial Age
36:24 Husbandry
36:37 Bloodlines
37:37 Light Cavalry
38:42 Masonry
38:24 Elite Mameluke
39:26 Conscription
39:26 Bow Saw
40:17 Town Watch
41:02 Bimaristan
41:16 Sanctity
42:02 Chemistry
43:01 Blast Furnace
42:36 Plate Barding Armor
42:28 Siege Engineers
42:05 Hussar
44:56 Fletching
45:07 Padded Archer Armor
50:02 Bodkin Arrow
永不投降嘻嘻
11:48 Feudal Age
13:15 Loom
16:20 Castle Age
15:04 Double-Bit Axe
15:59 Horse Collar
18:44 Bow Saw
22:30 Heavy Plow
28:33 Imperial Age
28:41 Chemistry
29:35 Wheelbarrow
30:20 Two-Man Saw
30:26 Fletching
30:43 Pikeman
32:03 Scale Mail Armor
32:13 Forging
32:32 Halberdier
33:29 Chain Mail Armor
35:36 Plate Mail Armor
35:42 Iron Casting
35:08 Padded Archer Armor
35:52 Fervor
38:50 Wagenburg Tactics
39:06 Conscription
39:16 Guard Tower
39:12 Arrowslits
40:23 Squires
41:24 Blast Furnace
41:09 Leather Archer Armor
40:50 Bodkin Arrow
41:18 Arson
42:14 Keep
41:49 Siege Engineers
42:06 Ballistics
41:42 Murder Holes
43:02 Houfnice
44:29 Husbandry
43:49 Light Cavalry
45:24 Keep
45:00 Masonry
46:11 Hand Cart
45:42 Town Watch
46:31 Ring Archer Armor
46:08 Scale Barding Armor
45:48 Cavalier
47:18 Bracer
47:52 Architecture
47:46 Bombard Tower
48:09 Sanctity
47:54 Town Patrol
49:44 Chain Barding Armor
Connection lost

Rejoining the realm…

Still unreachable

The connection could not be restored.

Session expired

The server has moved on; the page needs a fresh start.